Map: Thunderbird LE

Players

DPGPartinG (PartinG)

  • Race: Protoss Protoss
  • League: Master
  • Spawn Location: 11:00

ShoWTimE - Winner!

  • Race: Protoss Protoss
  • League: Grandmaster
  • Spawn Location: 5:00

Event: HomeStory Cup XX

VOD

Have the link to the VOD?

Description

Time

  • Played on: Nov. 23, 2019, 5:34 a.m.
  • Length: 5:10

All games in this series

Show
View Real Time Build Order
Export as new Build Order

DPGPartinG Protoss 

Build Orders:  

Get SALT Encoding   

  12  0:00  Probe  
  13  0:12  Probe  
  14  0:17  Pylon  
  14  0:24  Probe  
  15  0:33  Probe  
  15  0:35  Gateway  
  15  0:41  Probe  
  16  0:46  Assimilator  
  17  0:51  Probe  
  17  0:54  Assimilator  
  18  0:59  Probe  
  19  1:07  Probe, Gateway  
  19  1:17  Probe  
  20  1:23  Cybernetics Core  
  21  1:29  Probe  
  22  1:34  Pylon  
  22  1:41  Probe  
  22  1:45  Warp Gate  
  23  1:52  Gateway  
  23  1:59  Stalker  
  25  2:04  Stalker  
  25  2:08  Probe  
  28  2:14  Pylon  
  28  2:29  Stalker  
  30  2:34  Stalker  
  31  2:39  Stalker  
  33  3:05  Nexus  
  33  3:15  Pylon  
  33  3:32  Stalker  
  33  3:33  Stalker x2  
  39  3:40  Shield Battery  
  30  3:56  Stalker  
  30  4:01  Stalker x2  
  29  4:10  Probe  
  22  4:35  Probe  
  22  4:37  Adept  
  22  4:38  Adept x2  
  26  4:43  Probe  
  26  4:53  Probe  
Show
View Real Time Build Order
Export as new Build Order

ShoWTimE Protoss - Winner!

Build Orders: Oracle Opening 

Get SALT Encoding   

  12  0:00  Probe  
  13  0:12  Probe  
  14  0:17  Pylon  
  14  0:24  Probe  
  15  0:32  Probe  
  15  0:36  Gateway  
  15  0:40  Probe  
  16  0:46  Assimilator  
  17  0:51  Probe  
  17  0:54  Assimilator  
  18  0:59  Probe  
  19  1:07  Probe  
  19  1:08  Gateway  
  19  1:17  Probe  
  20  1:23  Cybernetics Core  
  21  1:29  Probe  
  22  1:34  Pylon  
  22  1:41  Probe  
  23  1:53  Probe  
  24  2:00  Stargate  
  24  2:03  Adept  
  24  2:04  Adept  
  28  2:11  Warp Gate  
  28  2:13  Probe  
  29  2:17  Shield Battery  
  29  2:24  Pylon  
  29  2:38  Oracle, Adept  
  29  2:42  Adept  
  29  2:44  Probe  
  37  2:55  Shield Battery  
  37  3:07  Robotics Facility  
  37  3:12  Zealot  
  39  3:19  Shield Battery  
  39  3:31  Pylon  
  39  3:43  Immortal  
  39  3:45  Pylon  
  37  3:58  Sentry  
  37  3:59  Stalker  
  37  4:00  Probe  
  44  4:15  Immortal  
  42  4:30  Stalker  
  37  4:45  Stalker  
  37  4:47  Probe  
  38  4:58  Adept  
Tags
 
Add a new tag
Caveats
  • Supply blocks, unpowered buildings, or Contaminate may cause inaccurate times.
  • Supply counts are checked every 10 seconds.